TOP OF THE 1ST |
---|
Quincy Doughboys batting - Pitching for Roy Eagle Squadron : RHP Jorge Arellano | Pitching: RHP Jorge Arellano | | Batting: SHB Gonzalo López | 0-0: Ball 1-0: Ground out 1-3 (Groundball, 15S) | Batting: RHB Ramiro Villescaz | 0-0: Swinging Strike 0-1: Called Strike 0-2: SINGLE (Groundball, 6MD) | Batting: RHB Pedro Cuevas | 0-0: Foul Ball, location: 2F 0-1: Ball 1-1: Swinging Strike 1-2: Ball 2-2: Strikes out swinging | Batting: SHB David Bennett | 0-0: Called Strike 0-1: Ball Wild Pitch! Ramiro Villescaz to second 1-1: Ground out 3-1 (Groundball, 34S) | Top of the 1st over - 0 runs, 1 hit, 0 errors, 1 left on base; Quincy 0 - Roy 0 | BOTTOM OF THE 1ST |
---|
Roy Eagle Squadron batting - Pitching for Quincy Doughboys : LHP Joey Krause | Pitching: LHP Joey Krause | | Batting: RHB Kevin Hale | 0-0: Ball 1-0: Ball 2-0: SOLO HOME RUN (Line Drive, 89XD), Distance : 406 ft | Batting: RHB Carl Curry | 0-0: Ball 1-0: Ground out 6-3 (Groundball, 6) | Batting: RHB Enrique Soto | 0-0: Foul Ball, location: 2F 0-1: Swinging Strike 0-2: Foul Ball, location: 2F 0-2: Foul Ball, location: 2F 0-2: Foul Ball, location: 2F 0-2: Ball 1-2: Ball 2-2: Foul Ball, location: 2F 2-2: Fly out, F7 (Flyball, 7D) | Batting: LHB Cisco Villanueva | 0-0: Ball 1-0: Fly out, F9 (Flyball, 9LM) | Bottom of the 1st over - 1 run, 1 hit, 0 errors, 0 left on base; Quincy 0 - Roy 1 | TOP OF THE 2ND |
---|
Quincy Doughboys batting - Pitching for Roy Eagle Squadron : RHP Jorge Arellano | Batting: RHB Luis Díaz | 0-0: Called Strike 0-1: Foul Ball, location: 2F 0-2: Ball 1-2: Foul Ball, location: 2F 1-2: Strikes out looking | Batting: LHB Rob Johnson | 0-0: Ball 1-0: Swinging Strike 1-1: Foul Ball, location: 2F 1-2: Ball 2-2: Ball 3-2: Strikes out swinging | Batting: LHB Esteban Rodríguez | 0-0: Reached on error, E3 (Groundball, 3) | Batting: LHB Raúl Luna | 0-0: Ball 1-0: Ball 2-0: Ball 3-0: Called Strike 3-1: Base on Balls Esteban Rodríguez to second | Batting: LHB Esteban Pérez | 0-0: Called Strike 0-1: Called Strike 0-2: Strikes out looking | Top of the 2nd over - 0 runs, 0 hits, 1 error, 2 left on base; Quincy 0 - Roy 1 | BOTTOM OF THE 2ND |
---|
Roy Eagle Squadron batting - Pitching for Quincy Doughboys : LHP Joey Krause | Batting: LHB Robinson González | 0-0: Ball 1-0: SINGLE (Flyball, 7LM) | Batting: LHB Octávio Otero | 0-0: Ball Pickoff Throw to First - Error! E1 Robinson González to second 1-0: Ball 2-0: Foul Ball, location: 2F 2-1: Ground out 4-3 (Groundball, 4M) Robinson González to third | Batting: LHB Larry Bradley | 0-0: Called Strike 0-1: Ball 1-1: Called Strike 1-2: Ball 2-2: Fly out, F6 (Flyball, 6D) | Batting: RHB Mark Morris | 0-0: Fly out, F7 (Flyball, 7LM) | Bottom of the 2nd over - 0 runs, 1 hit, 1 error, 1 left on base; Quincy 0 - Roy 1 | TOP OF THE 3RD |
---|
Quincy Doughboys batting - Pitching for Roy Eagle Squadron : RHP Jorge Arellano | Batting: SHB Gonzalo López | 0-0: Swinging Strike 0-1: Ball 1-1: Swinging Strike 1-2: Foul Ball, location: 2F 1-2: Ball 2-2: Hit by Pitch | Batting: RHB Ramiro Villescaz | 0-0: Called Strike 0-1: Ball 1-1: DOUBLE (Line Drive, 8RD) Gonzalo López to third Runner from 3rd tries for Home, SAFE, throw made at trailing runner, OUT at third! | Batting: RHB Pedro Cuevas | 0-0: Called Strike 0-1: Ball 1-1: Ground out 4-3 (Groundball, 34) | Batting: SHB David Bennett | 0-0: Swinging Strike 0-1: Swinging Strike 0-2: Foul Ball, location: 2F 0-2: Ball 1-2: Ball 2-2: Foul Ball, location: 2F 2-2: Ball 3-2: Ground out 3-1 (Groundball, 34) | Top of the 3rd over - 1 run, 1 hit, 0 errors, 0 left on base; Quincy 1 - Roy 1 | BOTTOM OF THE 3RD |
---|
Roy Eagle Squadron batting - Pitching for Quincy Doughboys : LHP Joey Krause | Batting: RHB Ryan Campbell | 0-0: Called Strike 0-1: SINGLE (Line Drive, 6MD) | Batting: RHB Kevin Hale | 0-0: Ball 1-0: SINGLE (Flyball, 9LS) Ryan Campbell to second Runner from 2nd tries for 3rd, SAFE, no throw | Batting: RHB Carl Curry | 0-0: Ball 1-0: Ball 2-0: Ball 3-0: Called Strike 3-1: Base on Balls Kevin Hale to second | Batting: RHB Enrique Soto | 0-0: GRAND SLAM HOME RUN (Flyball, 7LD), Distance : 359 ft | Batting: LHB Cisco Villanueva | 0-0: Ball 1-0: Reached on error, E4 (Groundball, 4) | Batting: LHB Robinson González | 0-0: Ball 1-0: Called Strike 1-1: Ball 2-1: Grounds into double play, 6-4-3 (Groundball, 6) | Batting: LHB Octávio Otero | 0-0: Called Strike 0-1: Ball 1-1: Ground out 4-3 (Groundball, 4) | Bottom of the 3rd over - 4 runs, 3 hits, 1 error, 0 left on base; Quincy 1 - Roy 5 | TOP OF THE 4TH |
---|
Quincy Doughboys batting - Pitching for Roy Eagle Squadron : RHP Jorge Arellano | Batting: RHB Luis Díaz | 0-0: Ball 1-0: Called Strike 1-1: Swinging Strike 1-2: Foul Ball, location: 2F 1-2: Fly out, F7 (Line Drive, 7S) | Batting: LHB Rob Johnson | 0-0: Ball 1-0: Ball 2-0: Ball 3-0: Called Strike 3-1: DOUBLE (Line Drive, 78M) | Batting: LHB Esteban Rodríguez | 0-0: Foul Ball, location: 2F 0-1: Swinging Strike 0-2: Strikes out swinging | Batting: LHB Raúl Luna | 0-0: Hit by Pitch | Batting: LHB Esteban Pérez | 0-0: Foul Ball, location: 2F 0-1: Ball 1-1: Swinging Strike 1-2: Foul Ball, location: 2F 1-2: Ground out 6-3 (Groundball, 6MS) | Top of the 4th over - 0 runs, 1 hit, 0 errors, 2 left on base; Quincy 1 - Roy 5 | BOTTOM OF THE 4TH |
---|
Roy Eagle Squadron batting - Pitching for Quincy Doughboys : LHP Joey Krause | Batting: LHB Larry Bradley | 0-0: Called Strike 0-1: Ball 1-1: SOLO HOME RUN (Line Drive, 78D), Distance : 410 ft | Batting: RHB Mark Morris | 0-0: Ball | |
---|
| | 1-0: Ball 2-0: Swinging Strike 2-1: Foul Ball, location: 2F 2-2: Ball 3-2: Strikes out swinging | Batting: RHB Ryan Campbell | 0-0: Ball 1-0: Called Strike 1-1: Fly out, F4 (Line Drive, 4D) | Batting: RHB Kevin Hale | 0-0: Called Strike 0-1: Ball 1-1: Foul Ball, location: 2F 1-2: Ball 2-2: DOUBLE (Line Drive, 78D) | Pitching: RHP Craig Nolan | | Batting: RHB Carl Curry | 0-0: Ball 1-0: Foul Ball, location: 2F 1-1: Ball 2-1: Foul Ball, location: 2F 2-2: Ball 3-2: Ground out 6-3 (Groundball, 6M) | Bottom of the 4th over - 1 run, 2 hits, 0 errors, 1 left on base; Quincy 1 - Roy 6 | TOP OF THE 5TH |
---|
Quincy Doughboys batting - Pitching for Roy Eagle Squadron : RHP Jorge Arellano | Batting: SHB Gonzalo López | 0-0: Ball 1-0: Ball 2-0: Ground out U3 (Groundball, 34) | Batting: RHB Ramiro Villescaz | 0-0: Foul Ball, location: 2F 0-1: Ball 1-1: Swinging Strike 1-2: Foul Ball, location: 2F 1-2: Ball 2-2: Strikes out swinging | Batting: RHB Pedro Cuevas | 0-0: Foul Ball, location: 2F 0-1: Swinging Strike 0-2: Foul Ball, location: 2F 0-2: Strikes out looking | Top of the 5th over - 0 runs, 0 hits, 0 errors, 0 left on base; Quincy 1 - Roy 6 | BOTTOM OF THE 5TH |
---|
Roy Eagle Squadron batting - Pitching for Quincy Doughboys : RHP Craig Nolan | Batting: RHB Enrique Soto | 0-0: Foul Ball, location: 2F 0-1: Ball 1-1: Ball 2-1: SOLO HOME RUN (Flyball, 7LD), Distance : 341 ft | Batting: LHB Cisco Villanueva | 0-0: Foul Ball, location: 2F 0-1: Ball 1-1: Ball 2-1: Foul Ball, location: 2F 2-2: Ball 3-2: Ground out 4-3 (Groundball, 4) | Batting: LHB Robinson González | 0-0: Ball 1-0: Called Strike 1-1: Ball 2-1: Foul Ball, location: 2F 2-2: SINGLE (Groundball, 6MD) | Batting: LHB Octávio Otero | 0-0: Ground out 4-3 (Groundball, 4MS) Robinson González to second | Batting: LHB Larry Bradley | 0-0: Swinging Strike 0-1: Fly out, F8 (Flyball, 8LM) | Bottom of the 5th over - 1 run, 2 hits, 0 errors, 1 left on base; Quincy 1 - Roy 7 | TOP OF THE 6TH |
---|
Quincy Doughboys batting - Pitching for Roy Eagle Squadron : RHP Jorge Arellano | Batting: SHB David Bennett | 0-0: Called Strike 0-1: Foul Ball, location: 2F 0-2: Hit by Pitch | Batting: RHB Luis Díaz | 0-0: Hit by Pitch David Bennett to second | Batting: LHB Rob Johnson | 0-0: Grounds into double play, 6-4-3 (Groundball, 6) David Bennett to third | Batting: LHB Esteban Rodríguez | 0-0: Ball 1-0: Ball 2-0: Ball 3-0: Called Strike 3-1: Base on Balls | Batting: LHB Raúl Luna | 0-0: Ball 1-0: Ball 2-0: Swinging Strike 2-1: Swinging Strike 2-2: Strikes out swinging | Top of the 6th over - 0 runs, 0 hits, 0 errors, 2 left on base; Quincy 1 - Roy 7 | BOTTOM OF THE 6TH |
---|
Roy Eagle Squadron batting - Pitching for Quincy Doughboys : RHP Craig Nolan | Batting: RHB Mark Morris | 0-0: Called Strike 0-1: Ball 1-1: Called Strike 1-2: Foul Ball, location: 2F 1-2: Foul Ball, location: 2F 1-2: Ground out U3 (Groundball, 3) | Batting: RHB Ryan Campbell | 0-0: Foul Ball, location: 2F 0-1: Swinging Strike 0-2: Ball 1-2: Ball 2-2: Ball 3-2: Strikes out swinging | Batting: RHB Kevin Hale | 0-0: Swinging Strike 0-1: Foul Ball, location: 2F 0-2: Strikes out swinging | Bottom of the 6th over - 0 runs, 0 hits, 0 errors, 0 left on base; Quincy 1 - Roy 7 | TOP OF THE 7TH |
---|
Quincy Doughboys batting - Pitching for Roy Eagle Squadron : RHP Jorge Arellano | Pitching: LHP Jason Mills | | Batting: LHB Esteban Pérez | 0-0: Ball 1-0: Foul Ball, location: 2F 1-1: Swinging Strike 1-2: Strikes out swinging | Batting: SHB Gonzalo López | 0-0: Fly out, F8 (Line Drive, 8LM) | Batting: RHB Ramiro Villescaz | 0-0: Ball 1-0: Ball 2-0: Swinging Strike 2-1: Ball 3-1: Foul Ball, location: 2F 3-2: Foul Ball, location: 2F 3-2: Strikes out swinging | Top of the 7th over - 0 runs, 0 hits, 0 errors, 0 left on base; Quincy 1 - Roy 7 | BOTTOM OF THE 7TH |
---|
Roy Eagle Squadron batting - Pitching for Quincy Doughboys : RHP Craig Nolan | Batting: RHB Carl Curry | 0-0: Foul Ball, location: 2F 0-1: Ball 1-1: Called Strike 1-2: Strikes out looking | Batting: RHB Enrique Soto | 0-0: Called Strike 0-1: Ball 1-1: Ball 2-1: Ball 3-1: Base on Balls | Batting: LHB Cisco Villanueva | 0-0: Ball 1-0: Called Strike 1-1: Ball 2-1: Ball 3-1: Foul Ball, location: 2F 3-2: Foul Ball, location: 2F 3-2: SINGLE (Groundball, 34D) Enrique Soto to second | Batting: LHB Robinson González | 0-0: SINGLE (Groundball, 6D) Enrique Soto to third Cisco Villanueva to second Runner from 3rd tries for Home, SAFE, no throw | Batting: LHB Octávio Otero | 0-0: Ball 1-0: Grounds into double play, 6-4-3 (Groundball, 6) | Bottom of the 7th over - 1 run, 2 hits, 0 errors, 1 left on base; Quincy 1 - Roy 8 | TOP OF THE 8TH |
---|
Quincy Doughboys batting - Pitching for Roy Eagle Squadron : LHP Jason Mills | Batting: RHB Pedro Cuevas | 0-0: Ball 1-0: Called Strike 1-1: Swinging Strike 1-2: Foul Ball, location: 2F 1-2: Ball 2-2: Strikes out swinging | Batting: SHB David Bennett | 0-0: Swinging Strike 0-1: Called Strike 0-2: Foul Ball, location: 2F 0-2: Fly out, F9 (Flyball, 9S) | Batting: RHB Luis Díaz | 0-0: Ball 1-0: Swinging Strike 1-1: Swinging Strike 1-2: Foul Ball, location: 2F 1-2: Ball 2-2: Strikes out looking | Top of the 8th over - 0 runs, 0 hits, 0 errors, 0 left on base; Quincy 1 - Roy 8 | BOTTOM OF THE 8TH |
---|
Roy Eagle Squadron batting - Pitching for Quincy Doughboys : RHP Craig Nolan | Pitching: RHP Troy Cole | | Batting: LHB Larry Bradley | 0-0: Ball 1-0: Swinging Strike 1-1: Ball 2-1: Foul Ball, location: 2F 2-2: Fly out, F9 (Flyball, 9LM) | Batting: RHB Mark Morris | 0-0: Called Strike 0-1: Foul Ball, location: 2F 0-2: Ball 1-2: Ground out 5-3 (Groundball, 5L) | Batting: RHB Ryan Campbell | 0-0: Fly out, F7 (Flyball, 78S) | Bottom of the 8th over - 0 runs, 0 hits, 0 errors, 0 left on base; Quincy 1 - Roy 8 | TOP OF THE 9TH |
---|
Quincy Doughboys batting - Pitching for Roy Eagle Squadron : LHP Jason Mills | Batting: LHB Rob Johnson | 0-0: Ball 1-0: Swinging Strike 1-1: Swinging Strike 1-2: Strikes out looking | Batting: LHB Esteban Rodríguez | 0-0: Ball 1-0: Ball 2-0: SINGLE (Groundball, 4MD) | Batting: LHB Raúl Luna | 0-0: Called Strike 0-1: Ball 1-1: Called Strike 1-2: SINGLE (Line Drive, 4) Esteban Rodríguez to second | Batting: LHB Esteban Pérez | 0-0: Ball 1-0: Fielders Choice at 2nd, 1-6 (Groundball, 13S) Esteban Rodríguez to third | Batting: SHB Gonzalo López | 0-0: Fly out, F7 (Flyball, 7S) | Top of the 9th over - 0 runs, 2 hits, 0 errors, 2 left on base; Quincy 1 - Roy 8 | | Saturday, December 16th, 2017 - OOTP Baseball 18.8 Build 76 | |